 Dungeon Crawl Stone Soup version 0.18-a0-1109-gfc003ac (webtiles) character file.

6 4thArraOfDagon the Caller (level 1, 0/13 HPs)
             Began as an Octopode Summoner on Jan 16, 2016.
             Slain by Terence
             ... wielding a +0 falchion
              (4 damage)
             ... on level 2 of the Dungeon.
             The game lasted 00:01:14 (160 turns).

4thArraOfDagon the Caller (Octopode Summoner)        Turns: 160, Time: 00:01:14

Health: 0/13       AC:  1    Str: 12    XL:     1   Next: 90%
Magic:  3/3        EV: 12    Int: 17    God:
Gold:   21         SH:  0    Dex: 12    Spells: 1 memorised, 3 levels left

rFire  . . .     SeeInvis .     e - +0 short sword
rCold  . . .     Gourm    .     (no shield)
rNeg   . . .     Faith    .     (helmet restricted)
rPois  .         Spirit   .     (no amulet)
rElec  .         Dismiss  .     (no ring)
rCorr  .         Reflect  .     (no ring)
SustAt .         Harm     .     (no ring)
MR     .....                    (no ring)
Stlth  +++.......               (no ring)
                                (no ring)
                                (no ring)
                                (no ring)

@: mighty, not resistant to hostile enchantments, fairly stealthy
A: almost no armour, amphibious, 8 rings, constrict 8, camouflage 1, gelatinous
body 1
a: no special abilities


You were on level 2 of the Dungeon.
You were not hungry.

You visited 1 branch of the dungeon, and saw 2 of its levels.

You collected 21 gold pieces.

Inventory:

Hand Weapons
 e - a +0 short sword (weapon)
Potions
 d - a potion of curing
Books
 a - a book of Callings

   Spells                             Type                      Level
   a - Summon Small Mammal            Summoning                    1
   b - Call Imp                       Summoning                    2
   c - Call Canine Familiar           Summoning                    3
   d - Summon Guardian Golem          Hexes/Summoning              3
   e - Summon Lightning Spire         Summoning/Air                4
   f - Summon Ice Beast               Ice/Summoning                4
Comestibles
 b - a bread ration
 f - a beef jerky


   Skills:
 + Level 1.4 Fighting
 - Level 2.0 Dodging
 - Level 2.6 Stealth
 - Level 2.0 Spellcasting
 - Level 4.0 Summonings


You had 3 spell levels left.
You knew the following spells:

 Your Spells              Type           Power        Failure   Level  Hunger
a - Summon Small Mammal   Summ           ###.         3%          1    #......


Dungeon Overview and Level Annotations

Branches:
Dungeon (2/15)

Altars:

Annotations:
D:2 Terence


Innate Abilities, Weirdness & Mutations

You cannot wear most types of armour.
You are amphibious.
You can wear up to eight rings at the same time.
You can use your tentacles to constrict eight enemies at once.
Your skin changes colour to match your surroundings (Stealth).
Your rubbery body absorbs attacks (AC +1).


Message History

An adder and Terence come into view.
Found a scroll labeled ITYUNTOECI and a dagger.
There is a stone staircase leading up here.
A bat comes into view.
The bat barely misses you.
The adder moves out of view.
Terence shouts!
Unknown command.
Unknown command.
You hit Terence but do no damage. You grab Terence. You constrict Terence.
You hear a shout!
The bat hits you but does no damage. Terence misses you.
You hit Terence. You squeeze Terence!
Terence is heavily wounded.
You constrict Terence. The bat hits you. Terence hits you with a falchion.
A bat and a hobgoblin come into view.
You hit Terence. You squeeze Terence, but do no damage.
Terence is severely wounded.
You constrict Terence, but do no damage.
The bat hits you. Terence hits you with a falchion.
You die...

### #... ##...#
#...##) ..# ####
.....#. ..# .....
#...... ..# .....
...?...##.#......
......g.#.#......
.......<#...b....
#....##.S@@......
... #.......... .
#......####
g.........#
b####.....## #S
###...# . .....
.....


You could see Terence, 2 adders, 2 hobgoblins and 2 bats.

Vanquished Creatures
  A goblin (D:1)
  A hobgoblin (D:1)
  A bat (D:1)
  A rat (D:1)
4 creatures vanquished.

Vanquished Creatures (collateral kills)
  2 kobolds (D:1)
2 creatures vanquished.

Grand Total: 6 creatures vanquished

Notes
Turn   | Place    | Note
--------------------------------------------------------------
     0 | D:1      | 4thArraOfDagon the Octopode Summoner began the quest for the Orb.
     0 | D:1      | Reached XP level 1. HP: 11/11 MP: 3/3
    78 | D:1      | Reached skill level 1 in Fighting
   155 | D:2      | Noticed Terence
   160 | D:2      | Slain by Terence

Vault maps used:
D:1:      dpeg_arrival_court
D:2:      uniq_robin, uniq_terence

Action                   || total
-------------------------++-------
Melee: Mace              ||     8
       Short sword       ||     4
 Cast: Summon Small Mamm ||     3
  Use: Potion            ||     2
 Stab: Sleeping          ||     2
